Match 44582108
Unlisted

Match 44582108
End
Selects Special Operations Battlegroup
Construct Weapon Support Center
Scout Squad
M1919 Machine Gun Team
Construct Barracks
Selects M29 Weasel with M1 Pack Howitzer
M29 Weasel with M1 Pack Howitzer
Riflemen Squad
Riflemen Squad
Infantry Support Center
M29 Weasel with M1 Pack Howitzer
Survival Training
Selects Smoke Screen
Bazooka Squad
Grenade Package
Construct Medical Station
Smoke Screen
Construct Motor Pool
M1 Anti-tank Gun Team
Selects SSF Commando Squad
M3 Armored Personnel Carrier
Smoke Screen
SSF Commando Squad
M1 Anti-tank Gun Team
Advanced Logistics
Selects Air Re-supply Operation
Air Re-Supply Operation
SSF Commando Squad
Munitions Surplus
Air Re-Supply Operation
Selects P-47 Anti-Infantry Loiter
SSF Commando Squad
Skiller Nurse
jcheath71
john.borrington
Elric of Melnibone
Joraad
Oberführer
LSUTIGER3636
Ecker1395
0
0

Comments sign in to comment!

No comments posted yet!